[Event "Czech Open-GM 2022"]
[Site "Pardubice"]
[Date "2022.07.27"]
[Round "6.18"]
[White "Kusa, Jakub"]
[Black "Gloser, David"]
[Result "1/2-1/2"]
[ECO "D30"]
[WhiteElo "2353"]
[BlackElo "2221"]
[Annotator "TA"]
[PlyCount "45"]
[EventDate "2022.07.22"]
[EventType "swiss"]
[EventCountry "CZE"]
[SourceTitle "playchess.com"]
[Source "ChessBase"]
[SourceQuality "1"]
[TimeControl "40/5400+30:1800+30"]

1. d4 d5 2. c4 e6 3. Nf3 Nf6 4. g3 Bb4+ 5. Nbd2 dxc4 6. Bg2 b5 {[%emt 0:03:11] Against Qa4. E04: Open Catalan: 5 Nf3.} 7. O-O O-O 8. a4 c6 9. Ne1 Nd5 ({But not} 9... Qxd4 10. Nc2 Qc5 11. axb5 $14) 10. Nc2 Bxd2 11. Bxd2 {[%emt 0:02:12] [#]} a5 $146 ({Predecessor:} 11... Bb7 12. e4 Ne7 13. Qe1 Nd7 14. Ba5 Qc8 15. Qe3 a6 16. Rad1 Re8 17. Na3 c5 18. axb5 axb5 19. Nxb5 Rxa5 {½-½ (31) Papaioannou,I (2592)-Nielsen,P (2681) Eretria 2011}) 12. e4 {[%emt 0:07:40][%mdl 1024] White has compensation.} Ne7 13. Qh5 b4 14. Rfd1 Ba6 15. Ne3 Nd7 16. Bf1 f5 {[%emt 0:05:26] aiming for ...Nf6.} 17. exf5 Nxf5 18. Nxc4 Nf6 19. Qh3 Nd5 (19... Qxd4 $2 20. Bxb4 $1 axb4 21. Rxd4 Nxd4 22. Ne5 $16) 20. Qg4 Nf6 {[%emt 0:05:55][%csl LRd4,LRg4] Pair of Knights!} (20... Bxc4 $5 21. Bxc4 Qf6 $11) 21. Qh3 Nd5 (21... Qxd4 $2 {[#]} 22. Bxb4 $1 axb4 23. Rxd4 Nxd4 24. Ne5 $16) 22. Qg4 $1 Nf6 (22... Bxc4 $5 23. Bxc4 Qf6 $15) 23. Qh3 {[%emt 0:00:10] An interesting draw.  Weighted Error Value: White=0.04 (flawless) /Black=0.07 (flawless)} 1/2-1/2

[Event "Czech Open-GM 2022"]
[Site "Pardubice"]
[Date "2022.07.27"]
[Round "6.19"]
[White "Sarkar, Justin"]
[Black "Soham Datar"]
[Result "1-0"]
[ECO "B23"]
[WhiteElo "2346"]
[BlackElo "2111"]
[Annotator "TA"]
[PlyCount "139"]
[EventDate "2022.07.22"]
[EventType "swiss"]
[EventCountry "CZE"]
[SourceTitle "playchess.com"]
[Source "ChessBase"]
[SourceQuality "1"]
[TimeControl "40/5400+30:1800+30"]

1. e4 c5 2. Nc3 a6 3. g3 g6 4. Bg2 Bg7 5. d3 Nc6 6. Be3 {[%emt 0:00:44] B24: Closed Sicilian: 3 g3 sidelines.} Nd4 7. Qd2 e6 8. Nd1 {[%emt 0:00:32] White is slightly better.} d6 9. c3 Nc6 10. d4 cxd4 11. cxd4 {[%emt 0:00:03] [#]} Nge7 $146 ({Predecessor:} 11... Rb8 12. Ne2 Nge7 13. f4 d5 14. e5 Nf5 15. Bf2 O-O 16. O-O b5 17. g4 Nfe7 {1-0 (34) Fonseca Rodrigues,E (1964)-Lima,A (1804) Fortaleza 2015}) 12. Ne2 d5 13. Bh6 Bxh6 14. Qxh6 dxe4 15. Bxe4 e5 (15... Nxd4 $2 16. Qg7 Rg8 17. Qxd4 $18) (15... Ng8 $11 {remains equal.} 16. Qd2 Nf6) 16. dxe5 (16. Ndc3 $16) 16... Bf5 $14 (16... Nxe5 $2 17. Qg7 Nd3+ 18. Bxd3 $18) 17. Ndc3 ({White should play} 17. Bg2 $1 $14) 17... Bxe4 $11 18. Nxe4 {[%emt 0:00:04][%cal Re4f6] [#]} Nf5 19. Qf4 {[%emt 0:02:48] g4 is the strong threat.} Qa5+ 20. N2c3 Qxe5 21. Qxe5+ Nxe5 22. O-O-O O-O 23. Rd5 Nc6 24. Rhd1 Rfd8 25. Nc5 Rxd5 $1 26. Nxd5 Nfd4 (26... Rb8 $11) 27. Nxb7 $16 {[%emt 0:06:03] White is more active.} Rb8 28. Nc5 Rb5 {[%emt 0:01:41] [#]} 29. Ne4 Kg7 30. Nec3 Rb7 31. h4 h5 32. Re1 Nf3 33. Re8 Nfe5 34. Rc8 Nd4 35. b3 Ng4 36. Kd2 Rd7 37. Rc4 Nf3+ 38. Ke2 Ng1+ 39. Kf1 Nf3 40. Rf4 Nfe5 41. f3 Nxf3 {[%emt 0:35:04] This move loses the game for Black.} 42. Rxf3 $18 Nh2+ 43. Kg2 Nxf3 44. Kxf3 f6 45. b4 g5 46. a4 Kf7 47. a5 Ke6 $2 (47... Rd8 48. b5 axb5) 48. b5 axb5 49. a6 Ke5 50. Nb4 Kd4 51. a7 Rxa7 52. Nxb5+ {[%emt 0:00:00] White mates.} Kc5 53. Nxa7 Kxb4 {[%emt 0:00:00] KN-K3P} 54. Ke4 Kc5 55. Kf5 gxh4 56. gxh4 Kd4 57. Kxf6 {[%emt 0:00:00] KN-KP} Ke4 58. Kg5 Ke5 59. Nb5 Ke6 60. Nd4+ Kf7 61. Kxh5 Kf6 62. Kh6 Kf7 63. Kg5 Kg7 64. h5 Kh7 65. h6 Kh8 66. Kg6 Kg8 67. Nf5 Kh8 68. Nd6 Kg8 69. h7+ Kh8 70. Nf7# {[%emt 0:00:00] Weighted Error Value: White=0.07 (flawless) /Black=0.32} 1-0

[Event "Czech Open-GM 2022"]
[Site "Pardubice"]
[Date "2022.07.27"]
[Round "6.20"]
[White "Crevatin, Leo"]
[Black "Farkas, Gabor"]
[Result "1/2-1/2"]
[ECO "D45"]
[WhiteElo "2259"]
[BlackElo "2335"]
[Annotator "TA"]
[PlyCount "81"]
[EventDate "2022.07.22"]
[EventType "swiss"]
[EventCountry "CZE"]
[SourceTitle "playchess.com"]
[Source "ChessBase"]
[SourceQuality "1"]
[TimeControl "40/5400+30:1800+30"]

1. d4 d5 2. c4 e6 3. Nf3 Nf6 4. Nc3 c6 5. e3 Nbd7 6. Be2 b6 7. O-O Bb7 8. b3 Bd6 9. Bb2 O-O 10. Rc1 Qe7 $1 {[%emt 0:07:22] 10...Qe7 is better than 10...Rc8. D45: Semi-Slav: 5 e3.} 11. Re1 Ne4 12. Nxe4 dxe4 13. Ne5 Nxe5 14. dxe5 Bb4 {[%emt 0:00:14] [#]} 15. Bc3 $146 ({Predecessor:} 15. Rf1 Rad8 16. Qc2 Rd2 17. Qxe4 Rxe2 18. Rc2 c5 19. Qd3 Qg5 20. g3 Rxc2 21. Qxc2 {0-1 (28) Analiev,D (1588)-Kotzev,M (2394) ICCF email 2020}) 15... Bxc3 16. Rxc3 Qg5 17. Qd6 Rac8 18. Qa3 Qxe5 19. Rcc1 Qc7 20. c5 b5 21. Red1 Rcd8 22. Rd6 Rxd6 23. cxd6 Qb6 24. b4 Bc8 25. Qc3 Bd7 26. Bd1 Ra8 27. Bc2 a5 $1 28. a3 axb4 ({Better is} 28... f5 $15) 29. axb4 $11 {[%emt 0:00:04] The position is equal.} f5 30. Bb3 $36 {[%emt 0:01:01][%mdl 2048] Black is under pressure.} Qd8 31. Ra1 $1 Rxa1+ 32. Qxa1 {[%emt 0:00:24][%mdl 4096] Endgame KQB-KQB} Qf8 33. Qd4 h6 34. g3 Kh7 35. h3 Qf6 {[%emt 0:09:02] Hoping for ...Qxd4.} 36. Qa7 Qc3 37. Qxd7 Qxb3 38. Qc7 Qd1+ 39. Kg2 Qf3+ 40. Kg1 Qd1+ 41. Kg2 {Weighted Error Value: White=0.05 (flawless) /Black=0.04 (flawless)} 1/2-1/2

[Event "Czech Open-GM 2022"]
[Site "Pardubice"]
[Date "2022.07.27"]
[Round "6.21"]
[White "Mullick, Raahil"]
[Black "Lokander, Martin"]
[Result "0-1"]
[ECO "C88"]
[WhiteElo "2237"]
[BlackElo "2483"]
[Annotator "TA"]
[PlyCount "110"]
[EventDate "2022.07.22"]
[EventType "swiss"]
[EventCountry "CZE"]
[SourceTitle "playchess.com"]
[Source "ChessBase"]
[SourceQuality "1"]
[TimeControl "40/5400+30:1800+30"]

1. e4 e5 2. Nf3 Nc6 3. Bb5 a6 4. Ba4 Nf6 5. O-O Be7 6. Re1 b5 7. Bb3 O-O 8. a4 {[%emt 0:00:12] Threatens to win with axb5.} Na5 {[%emt 0:00:25] C88: Closed Ruy Lopez: Anti-Marshall Systems.} 9. Ba2 (9. axb5 $5 Nxb3 10. cxb3 $14) 9... d5 10. exd5 e4 {[%emt 0:02:00] White is slightly better.} 11. Ne5 {[%emt 0:00:15] [#]} c6 $146 ({Predecessor:} 11... Bb7 12. d4 Nxd5 13. Nc3 Nxc3 14. bxc3 Bd5 15. Bf4 Bxa2 16. Rxa2 Qd5 17. Qa1 b4 {1-0 (67) Durarbayli,V (2612)-Ivanisevic,I (2650) Baku 2016}) 12. d3 (12. Nxc6 Nxc6 13. dxc6 Bg4 $11) 12... Bd6 13. Bf4 (13. Nxc6 Nxc6 14. dxc6 Ng4 $14) 13... Qc7 {[%emt 0:00:56] [#]} 14. dxe4 $1 cxd5 (14... Bxe5 $2 15. d6 Qxd6 16. Qxd6 Bxd6 17. Bxd6 $18) (14... Re8 15. Nxf7) 15. exd5 {[%emt 0:07:07] aiming for axb5.} Re8 {[%emt 0:02:25][%cal Rd6e5] [#]} 16. Nxf7 Kxf7 $11 (16... Bxf4 $2 17. Rxe8+ Nxe8 18. d6 $18) 17. Rxe8 Nxe8 18. axb5 axb5 $15 19. Nc3 {[%emt 0:00:06] And now Bxd6 would win.} Bd7 20. Ne4 Nc4 21. Nxd6+ Ncxd6 ({Don't do} 21... Nexd6 22. Bxc4 (22. b3 Nb6 $11) 22... Rxa1 23. Qxa1 $16) 22. Bb3 {[%emt 0:00:42] Inhibits Ra4.} Rxa1 23. Qxa1 Bf5 24. Qe1 Qe7 25. Qc3 Nc4 $40 {[%emt 0:03:25][%mdl 128] Inhibits Be5. Black wants a kill.} 26. h3 Qe4 {[%emt 0:00:43][%csl LRd5,LRf4] Black is more active.} 27. Bxc4 bxc4 28. Qd2 Qxc2 29. Qd4 Qe4 30. Qd2 Qd3 31. Qa5 Qd4 {[%emt 0:01:00] Prevents Be5.} 32. Bg3 Nf6 33. d6 Kg6 34. Be5 Qd5 35. Qe1 Ne4 36. f4 (36. Bf4 {was called for.}) 36... h5 37. Qh4 Qe6 38. Kh2 Nf6 (38... Qd7 $17 39. Kh1 Be6) 39. Qg5+ Kf7 40. Qg3 {[%emt 0:00:34] This costs White the game.} (40. Bxf6 $15 Qxf6 41. Qxh5+ Ke6 42. Qe2+ Kxd6 43. Qxc4) 40... Be4 $19 41. Qc3 Bc6 42. b3 Nd7 $1 43. bxc4 Qg6 44. Qg3 (44. Qd2) 44... Nxe5 45. fxe5 Qxg3+ $1 {[%emt 0:03:11] Black mates.} 46. Kxg3 {[%emt 0:00:06] [#] KB-KP} g5 $1 ({Stronger than} 46... Ke6 47. Kf4 $17) 47. h4 {[%emt 0:01:02] [#]} g4 $1 48. d7 Ke7 49. e6 Be4 50. c5 Bd5 51. Kf2 Bxe6 52. Ke3 Kxd7 53. Kf4 g3 54. Kxg3 Kc6 55. Kf4 Bg4 {[%emt 0:00:04] Weighted Error Value: White=0.35/Black=0.08 (flawless)} 0-1

[Event "Czech Open-GM 2022"]
[Site "Pardubice"]
[Date "2022.07.27"]
[Round "6.22"]
[White "Livaic, Leon"]
[Black "Paszewski, Mateusz"]
[Result "1-0"]
[ECO "D02"]
[WhiteElo "2576"]
[BlackElo "2277"]
[Annotator "TA"]
[PlyCount "99"]
[EventDate "2022.07.22"]
[EventType "swiss"]
[EventCountry "CZE"]
[SourceTitle "playchess.com"]
[Source "ChessBase"]
[SourceQuality "1"]
[TimeControl "40/5400+30:1800+30"]

1. d4 d5 2. Nf3 Nf6 3. g3 Bf5 4. Bg2 c6 5. O-O h6 6. c4 e6 7. Qb3 Qb6 8. c5 Qxb3 9. axb3 Be7 10. Nc3 O-O {[%emt 0:02:57] now scores much better than the old 10...Na6. D11: Slav Defence: 3 Nf3 sidelines and 3...Nf6 4 e3 Bg4.} 11. b4 a6 12. h3 Nbd7 {[%emt 0:07:25] The position is equal.} 13. g4 Bh7 14. Bf4 Ne4 15. e3 {[%emt 0:04:27] [#]} Rfe8 $146 ({Predecessor:} 15... f6 16. Bh2 Rae8 17. Rfc1 Nxc3 18. Rxc3 Be4 19. b5 axb5 20. Ra7 b4 21. Rc1 Rc8 22. Rxb7 {1-0 (44) Saric,I (2646)-Bluebaum,M (2647) Chess.com INT 2020}) 16. Bh2 Bf6 17. Nxe4 Bxe4 18. Nd2 (18. Ne5 $11 {keeps the balance.} Nxe5 19. Bxe5) 18... Bxg2 $17 19. Kxg2 e5 20. Nb3 exd4 21. exd4 Nf8 22. Rfe1 Ne6 23. Rad1 Rad8 24. Bd6 g5 25. Re3 Rd7 (25... Kg7 {with more complications.} 26. Kg3 Kg6 27. Be5 Bxe5+ 28. dxe5 h5) 26. Nc1 Be7 27. Bh2 Bd8 28. Ne2 Bc7 29. Bxc7 Rxc7 30. Ng3 Kh7 31. Rde1 Kg6 32. Nh5 Rf8 33. Rd1 Re7 34. Kh2 Ree8 35. Rde1 Nc7 36. f4 gxf4 37. Nxf4+ Kg5 38. Kg3 Rxe3+ 39. Rxe3 $11 {[%emt 0:00:02][%mdl 4096] Endgame KRN-KRN} Re8 $2 {[%emt 0:00:06] Inhibits Re7.} (39... Nb5 $11) 40. Rf3 $18 {[%emt 0:00:08] And now h4+ would win.} Ne6 $2 {[%emt 0:00:54] Black cannot hold the game after this.} (40... Nb5 $16) 41. h4+ Kf6 {[%emt 0:30:11] [#]} 42. Nxe6+ $1 Kxe6 {[%emt 0:00:03] KR-KR} 43. Re3+ Kd7 {[%emt 0:00:01] [#]} 44. Rxe8 $1 Kxe8 {[%emt 0:00:02] KP-KP} 45. Kf4 Kd7 46. Ke5 Ke7 47. h5 Ke8 48. Kd6 {[%emt 0:00:58] White mates.} Kf8 49. Kc7 Ke7 50. Kxb7 {[%emt 0:00:05] Weighted Error Value: White=0.09 (flawless) /Black=0.49} 1-0

[Event "Czech Open-GM 2022"]
[Site "Pardubice"]
[Date "2022.07.27"]
[Round "6.23"]
[White "Plat, Vojtech"]
[Black "Klimakovs, Sergejs"]
[Result "1/2-1/2"]
[ECO "D10"]
[WhiteElo "2554"]
[BlackElo "2266"]
[Annotator "TA"]
[PlyCount "75"]
[EventDate "2022.07.22"]
[EventType "swiss"]
[EventCountry "CZE"]
[SourceTitle "playchess.com"]
[Source "ChessBase"]
[SourceQuality "1"]
[TimeControl "40/5400+30:1800+30"]

1. d4 d5 2. c4 c6 3. Nc3 Nf6 4. cxd5 cxd5 5. Bf4 Nc6 6. e3 a6 7. Rc1 Bf5 8. Nf3 Qb6 {[%emt 0:14:28] D13: Slav Defence: Exchange variation without ...Bf5.} 9. Bd3 Bxd3 10. Qxd3 Qxb2 11. O-O Qa3 {[%emt 0:01:13] [#] Prevents Na4.} (11... e6 $14) 12. Ne5 $146 {[%emt 0:08:37] White is more active.} (12. Qb1 $1 $16 Qb4 13. Qc2) ({Predecessor:} 12. Qb1 Nb4 13. e4 dxe4 14. Nxe4 Nfd5 15. Rfe1 e6 16. Nd6+ Bxd6 17. Bxd6 Rd8 18. Ne5 a5 19. Qe4 Nc3 20. Qf3 {1-0 (20) Nester,I (2352)-Buturin,V (2298) Lvov 2010}) 12... e6 $1 $11 13. Nxc6 bxc6 14. Qc2 Rc8 $1 15. Na4 {[%emt 0:00:11] Hoping for Nb6.} Bd6 $1 16. Bxd6 Qxd6 17. Qc5 Ne4 18. Qa7 O-O 19. Rc2 h5 20. Rfc1 h4 21. Qb7 h3 22. f3 Ng5 {[%emt 0:01:07] Strongly threatening ...e5.} 23. f4 {[%emt 0:03:41] Inhibits e5.} (23. Rxc6 {[#]} Qa3 $1 24. Qb3 (24. Rxc8 Qxe3+ 25. Kh1 hxg2+ 26. Kxg2 Qxf3+ 27. Kg1 Nh3#) 24... Qxc1+ 25. Rxc1 Rxc1+ 26. Kf2 Rh1 27. gxh3 Nxh3+ 28. Ke2 (28. Kg2 $2 Rg1+ 29. Kxh3 g6 $19) 28... Rxh2+ 29. Kd1 Ng5 $19) 23... Ne4 24. Nc5 Nxc5 25. Rxc5 Rb8 26. Qxa6 {[%emt 0:01:17] The position is equal.} Rb2 27. gxh3 Qe7 28. R5c2 Rfb8 29. Qd3 Rxc2 30. Rxc2 {[%emt 0:00:09][%mdl 4096] Endgame KQR-KQR} ({Much worse is} 30. Qxc2 Qa3 31. Qc3 Qxa2 $17) 30... Rb1+ 31. Kg2 Qb4 {[%emt 0:00:19] And now ...Qe1 would win.} 32. Qd2 c5 33. Qxb4 ({Wrong is} 33. dxc5 $2 Qe4+ 34. Kf2 Rh1 $19) 33... cxb4 34. Kf3 g6 35. h4 Kg7 36. h5 gxh5 37. Rg2+ Kf6 38. Rg5 {[%emt 0:03:36] Weighted Error Value: White=0.10 (very precise) /Black=0.08 (flawless)} 1/2-1/2

[Event "Czech Open-GM 2022"]
[Site "Pardubice"]
[Date "2022.07.27"]
[Round "6.24"]
[White "Lalic, Bogdan"]
[Black "Paseka, Matyas"]
[Result "1-0"]
[ECO "E62"]
[WhiteElo "2412"]
[BlackElo "2218"]
[Annotator "TA"]
[PlyCount "115"]
[EventDate "2022.07.22"]
[EventType "swiss"]
[EventCountry "CZE"]
[SourceTitle "playchess.com"]
[Source "ChessBase"]
[SourceQuality "1"]
[TimeControl "40/5400+30:1800+30"]

1. d4 Nf6 2. c4 g6 3. Nf3 Bg7 4. g3 O-O 5. Bg2 d6 6. O-O Nc6 7. Nc3 Bf5 8. d5 Na5 9. Nd2 c5 10. e4 Bd7 11. Qc2 a6 12. b3 b5 13. Bb2 Rb8 14. Nd1 bxc4 15. bxc4 Rb4 {[%emt 0:00:19] E66: King's Indian: Fianchetto: 6...c5 7 0-0 Nc6 8 d5.} 16. Bc3 Ba4 {[%emt 0:03:10] [#]} 17. Qc1 $146 ({Predecessor:} 17. Qd3 Ng4 18. Bxg7 Kxg7 19. Qc3+ Kg8 20. h3 Bxd1 21. Rfxd1 Ne5 22. Bf1 Qc7 23. a3 {1-0 (49) Ammann,P (2179)-Kais,E (2013) Baden 2017}) 17... Qb6 (17... Bxd1 $16 18. Bxb4 (18. Qxd1 Nd7 $16) (18. Rxd1 Ra4 $16) 18... cxb4) 18. Nb2 Bd7 19. Bxb4 cxb4 20. Nd3 Rc8 (20... Bh6 $16 21. Qb2 Ng4) 21. Rb1 $18 Qd4 22. Nxb4 Nxc4 23. Nb3 ({Don't play} 23. Nc6 Bxc6 24. Qxc4 Qxc4 25. Nxc4 Bb5) 23... Qb6 24. Nc6 Bxc6 25. dxc6 ({Don't do} 25. Qxc4 Bd7 26. Qd4 Qxd4 27. Nxd4 Nxd5 $16) 25... Ne5 26. Qd2 {[%emt 0:03:34] Black must now prevent Nd4.} Nxc6 27. Rfc1 $36 {[%emt 0:00:31][%mdl 2048] White has strong initiative.} Rb8 28. h3 {[%emt 0:05:42] Prevents Ng4.} h5 29. Qe2 Nd7 (29... Ne5 $16 30. Nd2 Qa7 31. Rxb8+ Qxb8 32. Qxa6 Qb2 33. Qc8+ Bf8) 30. Nd2 Nd4 31. Qc4 Qa7 32. Rxb8+ Qxb8 33. Qc8+ ({Resist} 33. Qxa6 $6 Nc5 34. Qc4 Qb2 $16) 33... Qxc8 34. Rxc8+ Bf8 35. Bf1 Nc5 36. e5 Nde6 (36... Kg7 {was called for.} 37. exd6 exd6) 37. exd6 exd6 38. Nb3 Nxb3 39. axb3 {[%emt 0:00:06][%mdl 4096] Endgame KRB-KBN} a5 40. Bc4 {[%emt 0:00:56] [#] Strongly threatening Bxe6.} Kg7 $2 (40... Nc5 41. Ra8 h4 42. gxh4 Ne6 43. Rxa5 Nf4) 41. Bxe6 fxe6 {[%emt 0:30:06] KR-KB} 42. Ra8 d5 43. Rxa5 Kf6 44. Ra8 Be7 45. Rb8 Ke5 46. Kf1 Kd4 47. Rb6 Ke5 48. b4 d4 49. Ke2 Kd5 50. Kd3 e5 51. Rb5+ Kc6 52. Rxe5 {[%emt 0:00:06] White mates.} Bxb4 53. Re6+ Kd5 54. Rxg6 Be1 55. f4 Bf2 56. g4 hxg4 57. hxg4 Be3 58. Rf6 {[%emt 0:00:10] Black did not feel at home in the position after the opening.  Weighted Error Value: White=0.07 (flawless) /Black=0.42} 1-0

[Event "Czech Open-GM 2022"]
[Site "Pardubice"]
[Date "2022.07.27"]
[Round "6.26"]
[White "Keller, Peter"]
[Black "Koziorowicz, Michal"]
[Result "0-1"]
[ECO "C18"]
[WhiteElo "2377"]
[BlackElo "2231"]
[Annotator "TA"]
[PlyCount "52"]
[EventDate "2022.07.22"]
[EventType "swiss"]
[EventCountry "CZE"]
[SourceTitle "playchess.com"]
[Source "ChessBase"]
[SourceQuality "1"]
[TimeControl "40/5400+30:1800+30"]

1. e4 e6 2. d4 d5 3. Nc3 Bb4 4. e5 c5 5. a3 Bxc3+ 6. bxc3 Ne7 7. Qg4 cxd4 8. Bd3 {[%emt 0:10:38] C18: French: 3 Nc3 Bb4: Main line: 7 h4 and 7 Qg4.} (8. Qxg7 Rg8 9. Qxh7 Qc7 $14) (8. cxd4 $11 Qc7 9. Ra2 (9. Qxg7 $2 Qc3+ 10. Ke2 Rg8 $19) (9. Bb5+ Bd7 $17)) 8... Nbc6 (8... Qa5 $15 9. Ne2 Nd7) 9. cxd4 $14 O-O 10. Nf3 {[%emt 0:03:44][%cal Od3h7] White is slightly better.} f5 11. exf6 Rxf6 12. Ne5 (12. Bxh7+ $2 Kxh7 13. Bg5 Rf8 14. Bxe7 Qxe7 $19) 12... Qa5+ 13. Bd2 $1 Qa4 {[%emt 0:01:10] aiming for ...Nxe5.} 14. Nxc6 {[%emt 0:12:52] [#]} (14. Bxh7+ $2 Kxh7 15. Bg5 Rf5 $19) (14. Qh5 $14 Nf5 15. O-O (15. Qe8+ $2 Rf8 $19)) 14... Nxc6 $146 ({Predecessor:} 14... Qxc6 15. Qe2 Nf5 16. c3 Bd7 17. O-O Rc8 18. a4 Be8 19. Rfb1 Bg6 20. Bb5 Qd6 {1-0 (49) Diepeveen,V (2300)-Michielsen,J Dieren 2001}) 15. c3 $36 {[%emt 0:00:20][%mdl 2048] Qh5 is the strong threat. Black is under pressure.} h6 16. Qe2 {[%emt 0:01:43] Inhibits Ne5.} Bd7 17. h4 Raf8 18. f4 e5 19. fxe5 {[%emt 0:16:01] [#]} (19. dxe5 {is interesting.} Rxf4 20. Bxf4 Qxf4 21. Rf1) 19... Nxd4 $2 20. cxd4 $18 Qxd4 21. exf6 $2 (21. Rd1 $1 $18 R6f7 22. Qe3) 21... Qxa1+ $15 22. Qd1 $2 {[%emt 0:00:01] [#]} (22. Kf2 $1 $15 Qxh1 23. Kg3) 22... Re8+ $2 (22... Qxf6 23. Qb3 $17 (23. Qe2 $2 Qa1+ 24. Qd1 Qe5+ 25. Be3 Qxe3+ 26. Be2 Rc8 $19)) (22... Qe5+ $1 $19 23. Be2 Rxf6) 23. Kf2 $1 ({Don't blunder} 23. Be2 $2 {[#]} Rxe2+ $1 24. Kxe2 Bg4+ 25. Kf2 Bxd1 $19) 23... Qd4+ ({But not} 23... Qxf6+ 24. Qf3 Qb2 25. Rd1 $11 (25. Qxd5+ Be6 $17)) 24. Kg3 {[%emt 0:00:14][%cal Of6f7] Threatens to win with f7+!} Qxd3+ 25. Kh2 $2 (25. Qf3 $15 Qg6+ 26. Kh2) 25... Re2 $19 {[%emt 0:01:16] ( -> ...Qh3+)} 26. Bf4 Qh3+ {[%emt 0:00:06] Weighted Error Value: White=1.00/Black=0.59} 0-1

[Event "Czech Open-GM 2022"]
[Site "Pardubice"]
[Date "2022.07.27"]
[Round "6.27"]
[White "Kulon, Klaudia"]
[Black "Butkiewicz, Lukasz"]
[Result "1/2-1/2"]
[ECO "A05"]
[WhiteElo "2286"]
[BlackElo "2370"]
[Annotator "TA"]
[PlyCount "31"]
[EventDate "2022.07.22"]
[EventType "swiss"]
[EventCountry "CZE"]
[SourceTitle "playchess.com"]
[Source "ChessBase"]
[SourceQuality "1"]
[TimeControl "40/5400+30:1800+30"]

1. Nf3 Nf6 2. g3 e6 3. Bg2 d5 4. O-O Be7 5. b3 c5 6. Bb2 Nc6 7. d3 O-O 8. Nbd2 {[%emt 0:00:10] [#]} {Predecessor:} b6 $146 {A06: Réti Opening: 1 Nf3 d5.} 9. e4 Bb7 10. e5 Nd7 11. Re1 b5 12. h4 Nb6 13. h5 h6 14. Nf1 a5 15. N1h2 a4 16. Rb1 {1-0 (60) Nakamura,H (2750)-Matlakov,M (2674) Chess.com INT 2022} 1/2-1/2

[Event "Czech Open-GM 2022"]
[Site "Pardubice"]
[Date "2022.07.27"]
[Round "6.28"]
[White "Hrbek, Stepan"]
[Black "Malek, Daniel"]
[Result "1/2-1/2"]
[ECO "D41"]
[WhiteElo "2272"]
[BlackElo "2355"]
[Annotator "TA"]
[PlyCount "87"]
[EventDate "2022.07.22"]
[EventType "swiss"]
[EventCountry "CZE"]
[SourceTitle "playchess.com"]
[Source "ChessBase"]
[SourceQuality "1"]
[TimeControl "40/5400+30:1800+30"]

1. d4 Nf6 2. c4 e6 3. Nf3 d5 4. Nc3 c5 5. cxd5 Nxd5 6. e4 Nxc3 7. bxc3 cxd4 8. cxd4 Bb4+ 9. Bd2 Bxd2+ 10. Qxd2 O-O 11. Bc4 Nd7 12. O-O b6 13. Rfe1 Bb7 14. Bb3 {[%emt 0:00:45] D41: Queen's Gambit Declined: Semi-Tarrasch with 5 cxd5.} Rc8 15. Rad1 h6 16. Qf4 Qc7 17. Qxc7 Rxc7 18. d5 Nc5 {[%emt 0:02:41] [#]} 19. d6 $146 ({Predecessor:} 19. Bc4 Nxe4 20. Rxe4 exd5 21. Bxd5 Rd8 22. Bxf7+ Kxf7 23. Rf4+ Kg6 24. Re1 Kh7 25. h4 {1-0 (66) Rudd,J (2275)-Taylor,A (2402) Torquay 2019}) 19... Rd7 20. e5 (20. Ne5 $1 $14 {should be considered.} Rdd8 21. f3) 20... f6 $11 {[%emt 0:02:46] White must now prevent ...Bxf3. The position is equal.} 21. Nd4 Nxb3 22. axb3 fxe5 $1 23. Nxe6 Rf6 24. Rxe5 Kf7 25. Nd8+ Rxd8 26. Re7+ Kg6 27. Rxb7 Rdxd6 28. Rxd6 Rxd6 {[%emt 0:00:06][%cal Rd6d1][%mdl 4096] [#] Endgame KR-KR} 29. Kf1 Rd3 30. Rxa7 Rxb3 31. g4 h5 32. gxh5+ Kh6 33. Kg2 Rb5 34. Rb7 Rg5+ 35. Kf3 b5 36. h4 Rxh5 37. Kg4 Rc5 38. f4 (38. Rb8 $5 ) 38... g6 39. Rb6 Kg7 40. Rb7+ Kf6 41. Rb6+ Kf7 42. Rb7+ Kf6 43. Rb6+ Kf7 44. Rb7+ {[%emt 0:00:05] An even fight not without its subleties.  Weighted Error Value: White=0.04 (flawless) /Black=0.02 (flawless)} 1/2-1/2